Map: Nightscape LE

Players

Massa

  • Race: Terran Terran
  • League: Platinum
  • Spawn Location: 1:00

qqq

  • Race: Zerg Zerg
  • Spawn Location: 1:00

Touckit - Winner!

  • Race: Terran Terran
  • Spawn Location: 7:00

Orimek - Winner!

  • Race: Zerg Zerg
  • Spawn Location: 7:00

VOD

Have the link to the VOD?

Description

Time

  • Played on: Nov. 13, 2020, 5:33 p.m.
  • Length: 9:39
Show
View Real Time Build Order
Export as new Build Order

Massa Terran 

Build Orders:  

Get SALT Encoding   

  12  0:00  SCV  
  13  0:12  SCV  
  14  0:22  Supply Depot  
  14  0:24  SCV  
  15  0:37  Refinery  
  15  0:44  SCV  
  15  0:45  Barracks  
  16  0:56  SCV  
  17  1:08  SCV  
  18  1:20  SCV  
  19  1:32  SCV  
  20  1:33  Reaper  
  20  1:38  Command Center  
  21  1:50  Orbital Command  
  21  2:05  Marine  
  22  2:24  Factory  
  22  2:25  Supply Depot  
  22  3:09  Barracks Reactor  
  22  3:14  Factory Reactor  
  22  3:16  Orbital Command  
  22  3:17  SCV  
  23  3:22  Command Center  
  23  3:26  Refinery  
  23  3:27  Starport  
  23  3:29  SCV  
  25  3:41  SCV  
  25  3:42  Barracks  
  25  3:45  SCV  
  25  3:48  Marine x2  
  27  3:53  SCV, Hellion x2  
  33  3:58  SCV  
  33  4:00  Armory  
  34  4:05  SCV  
  35  4:16  Hellion x2  
  39  4:22  Medivac  
  39  4:23  Marine x2  
  43  4:29  Bunker  
  42  4:32  Marine  
  42  4:33  Bunker  
  42  4:37  Hellion  
  45  4:41  Marine x2  
  45  4:44  Hellion  
  49  4:46  SCV  
  49  4:50  Marine  
  51  4:59  Hellion, Marine x2  
  55  5:06  Hellion  
  49  5:08  Marine  
  42  5:20  Hellion  
  40  5:27  Hellion  
  37  5:34  Marine  
  36  5:38  Barracks  
  36  5:42  Hellion  
  37  5:49  Hellion  
  39  5:51  Marine  
  40  6:03  Hellion  
  42  6:09  Marine  
  42  6:10  Hellion  
  41  6:14  Marine x2  
  43  6:24  Hellion  
  45  6:26  Orbital Command, SCV  
  45  6:27  SCV, Marine  
  45  6:31  Refinery, Hellion, Marine  
  45  6:32  Refinery, Barracks Tech Lab, Marine  
  52  6:39  SCV x2  
  54  6:46  Hellion  
  50  6:51  SCV x2  
  50  6:53  Hellion  
  48  7:07  Hellion  
  50  7:14  Hellion, Medivac  
  52  7:25  Marauder, Marine x3  
  52  7:27  Stimpack  
  52  7:28  SCV x2  
  52  7:29  Hellion  
  61  7:38  SCV  
  61  7:40  SCV  
  61  7:41  SCV  
  61  7:43  Marine  
  56  7:44  Medivac  
  56  7:45  Bunker  
  56  7:46  Hellion  
  56  7:50  SCV  
  60  8:02  Marine  
  61  8:09  Marauder  
  61  8:22  Barracks  
  61  8:23  Barracks  
  61  8:24  Barracks  
  54  9:00  Factory Tech Lab  
  54  9:06  Orbital Command  
  51  9:14  Marine  
  45  9:32  Supply Depot x3  
Show
View Real Time Build Order
Export as new Build Order

qqq Zerg 

Build Orders: Hatch First 

Get SALT Encoding   

  12  0:00  Drone  
  13  0:08  Drone  
  14  0:28  Overlord  
  14  0:49  Hatchery  
  13  1:01  Spawning Pool  
  13  1:04  Drone  
  13  1:10  Drone  
  14  1:14  Extractor  
  14  1:16  Drone  
  14  1:22  Drone  
  15  1:32  Drone  
  16  1:48  Drone x2  
  18  2:11  Zergling x4  
  18  2:12  Queen  
  22  2:15  Drone  
  22  2:16  Drone  
  22  2:20  Drone  
  22  2:21  Queen  
  27  2:32  Zergling x2  
  27  2:36  Overlord x2  
  28  2:54  Metabolic Boost  
  28  2:57  Zergling x4  
  30  2:58  Drone  
  30  2:59  Drone  
  30  3:03  Zergling x2  
  33  3:11  Drone  
  34  3:14  Zergling x2  
  35  3:26  Drone, Zergling x4  
  38  3:32  Zergling x4  
  38  3:34  Hatchery  
  39  3:36  Drone  
  40  3:44  Zergling x2  
  40  3:46  Drone  
  40  3:47  Zergling x4  
  44  3:56  Lair  
  44  4:03  Evolution Chamber, Overlord  
  44  4:04  Zergling x2  
  44  4:17  Baneling Nest  
  44  4:19  Zergling x2  
  44  4:21  Zergling x8  
  48  4:46  Zergling x6  
  48  4:47  Zerg Melee Weapons Level 1  
  30  5:29  Baneling x4  
  30  5:30  Baneling  
  30  5:31  Zergling x2  
  30  5:32  Zergling x4  
  32  5:43  Zergling x2  
  32  5:44  Zergling x2  
  25  6:11  Zergling x2  
  25  6:12  Zergling x8  
  25  6:15  Baneling x4  
  30  6:26  Drone  
  30  6:31  Hatchery  
  30  6:37  Extractor  
  20  6:55  Zergling x12  
  20  6:56  Zergling x2  
  20  6:57  Zergling x4  
  25  7:10  Drone  
  25  7:12  Roach Warren  
  25  7:17  Baneling x3  
  25  7:18  Baneling x6  
  25  7:27  Drone x4  
  29  7:37  Hatchery  
  21  7:57  Zergling x10  
  24  8:10  Drone  
  25  8:15  Roach x3  
  27  8:32  Roach x4  
Show
View Real Time Build Order
Export as new Build Order

Touckit Terran - Winner!

Build Orders:  

Get SALT Encoding   

  12  0:00  SCV  
  13  0:12  SCV  
  14  0:21  Supply Depot  
  14  0:24  SCV  
  15  0:30  Refinery  
  15  0:43  SCV  
  15  0:49  Barracks  
  16  0:55  SCV  
  17  1:07  SCV  
  18  1:27  SCV  
  19  1:39  SCV  
  20  1:40  Command Center  
  19  1:50  Refinery  
  19  1:51  SCV  
  20  2:03  SCV  
  20  2:11  Marine  
  21  2:16  Barracks  
  21  2:20  Orbital Command  
  21  2:36  Marine  
  20  2:50  SCV  
  21  2:54  Marine  
  22  3:02  SCV  
  23  3:13  Factory  
  23  3:25  SCV, Marine  
  25  3:29  Barracks  
  25  3:31  SCV, Barracks  
  26  3:37  SCV, Marine  
  28  3:43  SCV, Marine  
  30  3:55  SCV x2  
  32  3:57  Supply Depot  
  32  4:11  Marine x2  
  34  4:18  SCV  
  35  4:26  Marine x2  
  35  4:29  Marine  
  38  4:44  Barracks Tech Lab, Marine x2, Supply Depot  
  40  4:47  Marine  
  41  5:02  Marine x2  
  41  5:08  Factory Tech Lab, Marine  
  41  5:09  Marine  
  41  5:10  Stimpack  
  40  5:20  Marine x2  
  42  5:26  Marine  
  42  5:27  Marine  
  44  5:33  Starport  
  40  5:38  Marine x2  
  42  5:44  Marine x2  
  44  5:55  Marine  
  44  5:56  Marine  
  42  6:02  Marine x2  
  43  6:10  Starport  
  43  6:13  Marine x2  
  43  6:15  Siege Tank  
  48  6:19  Marine  
  48  6:20  Marine  
  48  6:23  Starport Reactor  
  50  6:31  SCV x2, Marine x2  
  54  6:41  Marine  
  54  6:44  SCV  
  54  6:47  SCV  
  54  6:49  Marine x2, Combat Shield  
  54  6:51  Marine  
  53  6:56  Supply Depot  
  53  6:59  Marine, Siege Tank  
  54  7:02  Supply Depot x2  
  54  7:18  Marine x4, Medivac  
  54  7:20  Orbital Command  
  60  7:24  Refinery  
  60  7:31  Siege Tank  
  60  7:36  Supply Depot  
  57  8:14  Marine  
  57  8:15  Marine x3  
  61  8:20  Medivac x3  
  65  8:32  Marine x2  
  65  8:33  Marine x2  
  69  8:50  Marine x4, Medivac x3  
  69  8:54  Siege Tank  
Show
View Real Time Build Order
Export as new Build Order

Orimek Zerg - Winner!

Build Orders: Hatch First, Zergling Baneling 

Get SALT Encoding   

  12  0:00  Drone  
  13  0:12  Overlord  
  13  0:16  Drone  
  14  0:31  Drone x2  
  16  0:54  Hatchery, Extractor  
  16  0:56  Drone  
  15  1:12  Drone, Spawning Pool  
  15  1:15  Drone  
  16  1:18  Drone  
  17  1:28  Drone  
  18  1:37  Overlord  
  18  1:45  Drone  
  20  2:01  Zergling x2  
  20  2:05  Zergling x2  
  20  2:06  Queen  
  20  2:07  Queen  
  25  2:13  Metabolic Boost  
  25  2:15  Zergling x2  
  26  2:25  Zergling x2  
  26  2:26  Zergling x2  
  28  2:37  Zergling x4  
  30  2:51  Zergling x2  
  30  2:52  Zergling x6  
  34  3:02  Overlord  
  34  3:03  Zergling x2  
  35  3:10  Zergling x2  
  36  3:14  Baneling Nest  
  36  3:17  Zergling x2  
  36  3:24  Zergling x2  
  36  3:25  Zergling x10  
  42  3:32  Zergling x4  
  44  3:40  Overlord  
  44  3:54  Overlord x2  
  44  3:58  Zergling x2  
  44  4:00  Zergling x2  
  46  4:17  Zergling x4  
  46  4:18  Zergling x6  
  51  4:35  Baneling x5  
  51  4:37  Baneling  
  51  4:38  Baneling x2  
  51  4:39  Zergling x4  
  51  4:44  Zergling x2  
  51  4:45  Zergling x2  
  55  4:57  Baneling x2  
  48  5:11  Baneling x3, Zergling x2  
  48  5:12  Zergling x8  
  42  5:28  Zergling x10  
  41  5:32  Zergling x2  
  42  5:42  Zergling x2  
  42  5:43  Zergling x2  
  42  5:44  Baneling x3  
  42  5:48  Zergling x2  
  40  6:06  Zergling x4  
  40  6:07  Zergling x6  
  41  6:13  Baneling x3, Zergling x2  
  42  6:18  Baneling x2  
  42  6:24  Zergling x2  
  42  6:25  Zergling x2  
  44  6:32  Zergling x4  
  46  6:33  Baneling  
  41  6:49  Zergling x10  
  41  6:53  Zergling x2  
  41  6:58  Zergling x2  
  41  6:59  Zergling x2  
  35  7:08  Baneling x3  
  35  7:09  Baneling  
  36  7:15  Drone  
  36  7:16  Drone  
  37  7:23  Zergling x4  
  34  7:48  Zergling x2  
  34  7:49  Zergling x16  
  42  8:02  Drone  
  42  8:03  Drone x3  
  46  8:11  Zergling x6  
  49  8:14  Baneling x3  
  49  8:21  Drone  
  49  8:22  Drone x2  
  52  8:28  Spore Crawler  
  50  8:36  Baneling x3  
  50  8:40  Spore Crawler  
  48  8:41  Zergling x2  
  48  8:42  Zergling x2  
  50  8:51  Drone  
  50  8:52  Drone x3  
  54  9:06  Zergling x2  
  54  9:07  Zergling x12  
Tags
 
Add a new tag
Caveats
  • Supply blocks, unpowered buildings, or Contaminate may cause inaccurate times.
  • Supply counts are checked every 10 seconds.